 Dungeon Crawl Stone Soup version 0.21-a0-525-ga34b322 (webtiles) character file.

1234 Gildeon the Vexing (level 8, 0/41 HPs)
             Began as a Deep Elf Fire Elementalist on Dec 7, 2017.
             Was an Initiate of Sif Muna.
             Killed by nerve-wracking pain
             ... invoked by a shadow imp
              (14 damage)
             ... on level 6 of the Dungeon.
             The game lasted 00:45:30 (7203 turns).

Gildeon the Vexing (Deep Elf Fire Elementalist)     Turns: 7203, Time: 00:45:31

Health: 0/41       AC:  9    Str:  7      XL:     8   Next: 24%
Magic:  0/17       EV: 10    Int: 21      God:    Sif Muna [......]
Gold:   438        SH:  0    Dex: 10 (11) Spells: 4/17 levels left

rFire    + . .     SeeInvis .   q - -3 dagger (curse)
rCold    . . .     Gourm    +   (no shield)
rNeg     . . .     Faith    .   h - +2 ring mail {rF+}
rPois    .         Spirit   .   r - +0 helmet
rElec    .         Reflect  .   (no cloak)
rCorr    .         Harm     .   (no gloves)
MR       .....                  m - +0 pair of boots
Stlth    +.........             w - amulet of the gourmand
HPRegen  0.13/turn              D - -4 ring of dexterity (curse)
MPRegen  0.15/turn              A - ring of wizardry

@: very slightly contaminated
A: no striking features
a: Renounce Religion


You were on level 6 of the Dungeon.
You worshipped Sif Muna.
Sif Muna was noncommittal.
You were completely stuffed.

You visited 2 branches of the dungeon, and saw 7 of its levels.

You collected 438 gold pieces.

Inventory:

Hand Weapons
 d - a +5 club of freezing
 q - a cursed -3 dagger (weapon)
Armour
 a - a +0 robe
 h - a +2 ring mail of fire resistance (worn)
 m - a +0 pair of boots (worn)
 r - a +0 helmet (worn)
Magical Staves
 v - an uncursed staff of fire
 F - an uncursed staff of power {unknown}
Jewellery
 n - an uncursed ring of protection from magic
 w - an amulet of the gourmand (around neck)
 A - a ring of wizardry (right hand)
 D - a cursed -4 ring of dexterity (left hand)
Wands
 g - a wand of flame (24)
 s - a wand of polymorph (2)
 y - a wand of paralysis (10)
Scrolls
 l - a scroll of fog
Potions
 e - 3 potions of curing
 i - a potion of cancellation
 j - a potion of brilliance
 k - 2 potions of resistance
 p - a potion of flight {unknown}
 t - a potion of ambrosia {unknown}
 u - a potion of magic {unknown}
 x - 2 potions of mutation {unknown}
 z - a potion of agility
 C - a potion of haste {unknown}
 E - 2 potions of degeneration {unknown}
Books
 b - a book of Flames

   Spells                             Type                      Level
   a - Flame Tongue                   Conjuration/Fire             1
   b - Throw Flame                    Conjuration/Fire             2
   c - Conjure Flame                  Conjuration/Fire             3
   d - Inner Flame                    Hexes/Fire                   3
   e - Sticky Flame                   Conjuration/Fire             4
   f - Fireball                       Conjuration/Fire             5
Comestibles
 c - 6 bread rations
 f - 4 royal jellies
 o - 2 meat rations
 B - a fruit
 G - a chunk of flesh


   Skills:
 - Level 2.4 Dodging
 - Level 2.4 Stealth
 - Level 5.0 Spellcasting
 - Level 5.1 Conjurations
 - Level 5.2 Hexes
 - Level 5.0 Fire Magic
 - Level 5.0 Invocations
 + Level 3.7 Evocations


You had 4 spell levels left.
You knew the following spells:

 Your Spells              Type           Power        Failure   Level  Hunger
a - Flame Tongue          Conj/Fire      ####.        1%          1    None
b - Throw Flame           Conj/Fire      ####..       2%          2    None
c - Conjure Flame         Conj/Fire      ####....     6%          3    ##.....
d - Inner Flame           Hex/Fire       ####....     6%          3    ##.....
e - Sticky Flame          Conj/Fire      ####....     19%         4    ####...


Dungeon Overview and Level Annotations

Branches:
Dungeon (6/15)             Temple (1/1) D:4

Altars:
Cheibriados
Dithmenos
Elyvilon
Fedhas
Gozag
Hepliaklqana
Kikubaaqudgha
Nemelex Xobeh
Okawaru
Ru
Sif Muna
Trog
Wu Jian
Xom
Yredelemnul
Zin
Jiyva

Shops:
D:5 (!

Annotations:
D:3 Ketzopolo's ghost, amateur SpEn


Message History

The flame tongue hits the hound.
You kill the hound!
Sif Muna accepts your kill.
Casting: Flame Tongue
Confirm with . or Enter, or press ? or * to list all spells.
Aiming: Flame Tongue
Press: ? - help, Shift-Dir - straight line, f - shadow imp
Aim: a shadow imp The flame tongue hits the shadow imp.
The shadow imp is almost dead.
Casting: Flame Tongue
Confirm with . or Enter, or press ? or * to list all spells.
Aiming: Flame Tongue
Press: ? - help, Shift-Dir - straight line, f/p - shadow imp
Aim: a shadow imp (almost dead)
The flame tongue hits the shadow imp.
The shadow imp appears unharmed.
The shadow imp is almost dead.
The shadow imp gestures at you. Pain shoots through your body!
You die...

#.........
#.........
#.........
#........ ####
#......##
#.##(.##
.#......#
#.#.(..##
........#
##.#[..('#+
........#
#..##).##@#
##......##
#...#[###5#
#........
#......##.#
#........
##...#.#.?)
#........
#...#.##.#
#......##
#...#..###.
#......# #...##..
.. #......#
##.######...#####
...####......#
#..............#
........######


You could see a shadow imp.

Vanquished Creatures
  A water moccasin (D:5)
  An ice beast (D:5)
  A phantom (D:4)
  A bullfrog (D:6)
  A scorpion (D:3)
  2 jellies (D:4)
  2 quasits
  3 hounds
  A gnoll shaman (D:6)
  Terence (D:3)
  An iguana (D:6)
  5 orc wizards
  2 worker ants
  A howler monkey zombie (D:5)
  Robin (D:3)
  7 gnolls
  8 adders
  2 shadow imps
  8 oozes
  2 adder skeletons
  2 worms
  2 dart slugs
  A leopard gecko (D:2)
  9 orcs
  2 ball pythons
  7 giant cockroaches
  15 goblins
  12 hobgoblins
  12 jackals
  15 kobolds
  3 quokkas
  7 bats
  6 frilled lizards
  3 leopard gecko skeletons
  A leopard gecko zombie (D:2)
  A quokka skeleton (D:5)
  8 rats
157 creatures vanquished.

Vanquished Creatures (others)
  A fungus (D:4)
  9 toadstools (D:4)
10 creatures vanquished.

Grand Total: 167 creatures vanquished

Notes
Turn   | Place    | Note
-------+----------+-------------------------------------------
     0 | D:1      | Gildeon the Deep Elf Fire Elementalist began the quest for the Orb.
     0 | D:1      | Reached XP level 1. HP: 10/10 MP: 6/6
   272 | D:1      | Reached XP level 2. HP: 15/15 MP: 6/9
   276 | D:1      | Learned a level 2 spell: Throw Flame
  1007 | D:2      | Reached XP level 3. HP: 19/19 MP: 7/11
  1063 | D:2      | Reached skill level 5 in Spellcasting
  1122 | D:2      | Learned a level 3 spell: Conjure Flame
  1126 | D:2      | Learned a level 3 spell: Inner Flame
  1709 | D:2      | Reached XP level 4. HP: 22/24 MP: 10/13
  2056 | D:2      | Found a bloodstained altar of Trog.
  2059 | D:2      | Found a snail-covered altar of Cheibriados.
  2394 | D:2      | Found an iron altar of Okawaru.
  2599 | D:3      | Reached skill level 5 in Fire Magic
  2603 | D:3      | Reached XP level 5. HP: 21/28 MP: 5/14
  2679 | D:3      | Learned a level 4 spell: Sticky Flame
  2707 | D:3      | Noticed Robin
  2717 | D:3      | Killed Robin
  3046 | D:3      | Found a glowing silver altar of Zin.
  3046 | D:3      | Noticed Terence
  3106 | D:3      | Noticed Ketzopolo's ghost (amateur SpEn)
  3628 | D:3      | Killed Terence
  3628 | D:3      | Reached XP level 6. HP: 25/32 MP: 10/15
  4018 | D:4      | Reached skill level 5 in Conjurations
  4021 | D:4      | Reached skill level 1 in Hexes
  4395 | D:4      | Reached XP level 7. HP: 36/36 MP: 10/16
  4485 | D:4      | Found a staircase to the Ecumenical Temple.
  4499 | D:4      | Found a sparkling altar of Nemelex Xobeh.
  4518 | Temple   | Entered the Ecumenical Temple
  4642 | Temple   | Became a worshipper of Sif Muna the Loreminder
  4991 | D:4      | Reached skill level 5 in Hexes
  4998 | D:4      | Reached skill level 1 in Invocations
  5154 | D:5      | Entered Level 5 of the Dungeon
  6194 | D:5      | Found Qacveev's Antique Weapon Shoppe.
  6358 | D:5      | Reached skill level 5 in Invocations
  6358 | D:5      | Reached XP level 8. HP: 41/41 MP: 13/17
  6443 | D:5      | Found Lahuulah's Distillery.
  6629 | D:6      | Found a hazy altar of Hepliaklqana.
  6677 | D:6      | Found a sacrificial altar of Ru.
  6682 | D:6      | Reached skill level 1 in Evocations
  7203 | D:6      | Killed from afar by a shadow imp

Vault maps used:
D:1:      minmay_arrival_jagged, hangedman_decor_push, minmay_splitting_lines,
          minmay_heptomino_o4
D:2:      okawaru_ov_weapons_minmay, nicolae_overflow_hidden_temple
D:3:      lemuel_round_altar, uniq_robin, uniq_terence
D:4:      cheibrodos_fertilizer, minmay_temple_entry_crystal_x,
          nemelex_xobeh_ov_fountains_minmay
D:5:      serial_shops, shop, nicolae_shop_trees, first_bread
D:6:      lemuel_crystal_altar, lemuel_round_altar, minmay_joined_circles
Temple:   pf_slime_end_temple

Skill      XL: |  1  2  3  4  5  6  7  8 |
---------------+-------------------------+-----
Spellcasting   | 4 5 |  5.0
Fire Magic     | 4 5 |  5.0
Conjurations   | 4 5 |  5.1
Hexes          | 4 5 |  5.2
Invocations    | 5 |  5.0
Evocations     | 3 |  3.7
Dodging        | |  2.4
Stealth        | |  2.4

Action                   |  1- 3 |  4- 6 |  7- 9 || total
-------------------------+-------+-------+-------++-------
Melee: Club              |    10 |     1 |       ||    11
       Halberd           |       |    16 |       ||    16
       Unarmed           |       |    10 |       ||    10
       Dagger            |       |       |   158 ||   158
 Cast: Flame Tongue      |    74 |   143 |   118 ||   335
       Throw Flame       |     1 |       |       ||     1
Evoke: Wand              |       |       |    17 ||    17
  Use: Scroll            |     9 |     5 |     8 ||    22
       Potion            |       |     2 |     1 ||     3
  Eat: Chunk             |     2 |     4 |    14 ||    20
       Bread ration      |       |     1 |     1 ||     2
Armor: Robe              |     3 |    13 |       ||    16
       Ring mail         |       |    26 |   140 ||   166
Dodge: Dodged            |    20 |    79 |   121 ||   220

Table legend:
 A = Spawn XP
 B = Non-spawn XP
 C = Spawn XP percentage of total XP
 D = Spawn monster count
 E = Non-spawn monster count
 F = Spawn count percentage of total count
 G = Total turns spent on level
                    A         B        C        D         E        F      G
               +---------+---------+-------+---------+---------+-------+---------
         Total |       0 |    1763 |   0.0 |       0 |     157 |   0.0 |  7203
               +---------+---------+-------+---------+---------+-------+---------
           D:1 |       0 |      37 |   0.0 |       0 |      23 |   0.0 |  1002
           D:2 |       0 |      91 |   0.0 |       0 |      29 |   0.0 |  1458
           D:3 |       0 |     279 |   0.0 |       0 |      45 |   0.0 |  1293
           D:4 |       0 |     535 |   0.0 |       0 |      32 |   0.0 |  1260
           D:5 |       0 |     500 |   0.0 |       0 |      17 |   0.0 |  1442
           D:6 |       0 |     321 |   0.0 |       0 |      11 |   0.0 |   607
               +---------+---------+-------+---------+---------+-------+---------
